 Dungeon Crawl Stone Soup version 0.24-a0-789-g35933f4 (webtiles) character file.

Game seed: 2623685368184925442, levelgen mode: deterministic

5181 2tousent the Martial Artist (level 10, 0/78 HPs)
             Began as a Red Draconian Transmuter on Oct 9, 2019.
             Was a Believer of Wu Jian.
             Slain by a centaur warrior (7 damage)
             ... on level 9 of the Dungeon on Oct 10, 2019.
             The game lasted 00:46:18 (8858 turns).

2tousent the Martial Artist (DrTm)                  Turns: 8858, Time: 00:46:18

Health: 0/78       AC:  7    Str: 13    XL:     10   Next: 34%
Magic:  16/19      EV: 17    Int: 15    God:    Wu Jian [**....]
Gold:   537        SH:  0    Dex: 13    Spells: 10/21 levels left

rFire    + . .     SeeInvis +     - Unarmed
rCold    . . .     Gourm    .   (shield currently unavailable)
rNeg     . . .     Faith    .   (armour unavailable)
rPois    .         Spirit   .   (helmet restricted)
rElec    .         Reflect  .   (no cloak)
rCorr    .         Harm     .   (gloves currently unavailable)
MR       .....                  (no boots)
Stlth    +.........             (no amulet)
HPRegen  0.23/turn              j - +4 ring of evasion
MPRegen  0.16/turn              z - ring of see invisible

@: short of breath, blade hands
A: breathe fire, unfitting armour, fire resistance 1, cold-blooded, AC +7
a: Breathe Fire, End Transformation, Wall Jump, Renounce Religion


You were on level 9 of the Dungeon.
You worshipped Wu Jian.
Wu Jian was pleased with you.
You were not hungry.
You had blades for hands.
You visited 1 branch of the dungeon, and saw 9 of its levels.
You also visited: Sewer.

You collected 537 gold pieces.

Inventory:

Missiles
 a - 189 arrows
 x - 2 throwing nets (quivered)
Armour
 i - a +1 pair of gloves (melded)
Jewellery
 j - a +4 ring of evasion (left scythe-like blade)
 z - a ring of see invisible (right scythe-like blade)
Wands
 f - a wand of random effects (26)
 w - a wand of polymorph (8)
 y - a wand of flame (20)
 B - a wand of iceblast (10)
Scrolls
 b - 2 scrolls of teleportation
 d - 4 scrolls of enchant weapon
 g - 4 scrolls of amnesia
 o - 2 scrolls of remove curse
 q - a scroll of magic mapping
 t - a scroll of identify
 v - 2 scrolls of immolation
Potions
 e - 2 potions of resistance
 h - a potion of haste
 k - 3 potions of flight
 l - a potion of heal wounds
 m - 6 potions of curing
 n - a potion of cancellation {unknown}
 p - 3 potions of lignification
 r - 4 potions of magic
 s - 2 potions of mutation {unknown}
 A - 2 potions of agility {unknown}
Comestibles
 c - 22 rations
 D - 2 chunks of flesh


   Skills:
 * Level 3.6 Fighting
 * Level 3.4 Dodging
 * Level 9.9 Unarmed Combat
 + Level 6.3 Spellcasting
 + Level 9.3 Transmutations


You had 10 spell levels left.
You knew the following spells:

 Your Spells              Type           Power        Failure   Level  Hunger
a - Blade Hands           Tmut           ####......   43%         5    ######.
b - Spider Form           Tmut/Pois      ###.......   36%         3    ##.....
c - Sticks to Snakes      Tmut           ####....     12%         2    #......
d - Beastly Appendage     Tmut           ####..       10%         1    None

Your spell library contained the following spells:

 Spells                   Type           Power        Failure   Level  Hunger
 Corona                   Hex            #......      54%         1    None
 Summon Butterflies       Summ           #.......     54%         1    None
 Ice Form                 Ice/Tmut       ###.....     63%         4    ####...
 Slow                     Hex            #.......     65%         2    #......
 Call Canine Familiar     Summ           #.......     80%         3    ##.....
 Inner Flame              Hex/Fire       #.......     80%         3    ##.....
 Portal Projectile        Hex/Tloc       #.....       80%         3    ##.....
 Cause Fear               Hex            #.........   98%         4    ####...
 Leda's Liquefaction      Hex/Erth       #.........   98%         4    ####...
 Summon Ice Beast         Ice/Summ       #.......     98%         4    ####...
 Summon Mana Viper        Hex/Summ       #.......     100%        5    ######.
 Summon Hydra             Summ           #.........   100%        7    #######


Dungeon Overview and Level Annotations

Branches:
Dungeon (9/15)             Temple (0/1) D:7            Lair (0/6) D:9
  Sewer (visited)
    Orc: D:9-12

Altars:
Ashenzari
Dithmenos
Elyvilon
Gozag
Makhleb
Sif Muna
Trog
Wu Jian
Xom
Zin

Shops:
D:6 [%=*

Annotations:
D:5 3 runed translucent doors, Duelies's ghost, novice DsTm


Innate Abilities, Weirdness & Mutations

You can breathe blasts of fire.
Your fiery red scales are hard. (AC +7)
You cannot fit into any form of body armour.
Your flesh is heat resistant. (rF+)
You are cold-blooded and may be slowed by cold attacks.


Message History

You kill the orc warrior!
The Council accepts your kill.
As you read the scroll of fog, it crumbles to dust.
The scroll dissolves into smoke.
Evoke which item? (* to show all) (? for menu, Esc to quit)
Aiming: Iceblast
Press: ? - help, Shift-Dir - straight line, f - centaur warrior
Aim: a centaur warrior (purple smoke, moderately wounded)
Okay, then.
The centaur warrior wields a +0 shortbow.
The centaur warrior shoots an arrow.
The arrow hits you!
* * * LOW HITPOINT WARNING * * *
You see here an arrow.
Unknown command.
You lunge at the centaur warrior.
You hit the centaur warrior.
Your tail-slap misses the centaur warrior.
The centaur warrior is moderately wounded.
The centaur warrior unwields a +0 shortbow.
The centaur warrior hits you!
You die...

...#.# #........#...# ...#.#
#........#...# ...#.##
#........#...# ...#..# ##
#........#...# ...#..# #.##
#........#...# ...#..## +..##
#........#...# ...#...# #c..#
#........#....
...+.).####)########........#....
####....##.§§§§c@§§#÷.......#....
.........###§§§§§§§'........#.###
...........####§§§§#[.......#.#..
..............######........###..
.................................
......#####...#######..).........
......# #...# #..[.#####'#.
......# #...# #....#.....#.
#...### #...# #....#.....#.


You could see a centaur warrior.

Vanquished Creatures
  A deep elf mage (D:9)
  A hornet (D:8)
  A hippogriff (D:8)
  A wyvern (D:9)
  Grum (D:8)
  A hungry ghost (D:7)
  Menkaure (D:7)
  2 orc warriors
  4 ice beasts
  An eye of draining (D:9)
  4 sky beasts
  A necrophage (D:9)
  2 ogres
  2 phantoms (D:9)
  4 centaurs
  3 wolves (D:8)
  2 big kobolds
  4 bullfrogs
  A water moccasin skeleton (D:5)
  3 scorpions
  2 howler monkeys
  7 crimson imps
  A quasit (D:9)
  2 bullfrog zombies
  3 hounds
  A jelly (D:5)
  2 bullfrog skeletons
  An iguana (D:9)
  5 orc wizards
  8 worker ants
  A worker ant zombie (D:8)
  8 gnolls
  3 river rats (D:3)
  9 adders
  2 shadow imps
  An ooze (D:5)
  An adder zombie (D:9)
  5 worms
  2 dart slugs
  4 leopard geckos
  23 orcs
  5 ball pythons
  6 giant cockroaches
  6 hobgoblins
  11 jackals
  13 kobolds
  A quokka (D:6)
  5 bats
  7 frilled lizards
  12 goblins
  2 leopard gecko skeletons
  A quokka zombie (D:7)
  10 rats
210 creatures vanquished.

Vanquished Creatures (others)
  A bush (D:5)
1 creature vanquished.

Grand Total: 211 creatures vanquished

Notes
Turn   | Place    | Note
-------+----------+-------------------------------------------
     0 | D:1      | 2tousent the Draconian Transmuter began the quest for the
                  | Orb.
     0 | D:1      | Reached XP level 1. HP: 16/16 MP: 3/3
   245 | D:1      | Reached XP level 2. HP: 21/23 MP: 3/5
   652 | D:1      | Learned a level 2 spell: Sticks to Snakes
   905 | D:2      | Reached XP level 3. HP: 19/28 MP: 4/6
  1049 | D:2      | Learned a level 3 spell: Spider Form
  1099 | D:2      | Reached XP level 4. HP: 6/35 MP: 2/7
  1403 | D:2      | Found a shimmering blue altar of Sif Muna.
  1852 | D:2      | You fall into a shaft and drop 2 floors!
  1881 | D:4      | Found a shimmering altar of Xom.
  1913 | D:4      | Found a shadowy altar of Dithmenos.
  1992 | D:3      | Reached XP level 5. HP: 9/40 MP: 5/9
  2183 | D:3      | Found a glowing drain.
  2224 | Sewer    | Entered a sewer
  2442 | Sewer    | Found a glowing silver altar of Zin.
  2602 | D:3      | Reached XP level 6. HP: 47/47 MP: 6/10
  2844 | D:3      | Found a glowing silver altar of Zin.
  3055 | D:4      | Reached skill level 5 in Unarmed Combat
  3507 | D:5      | Entered Level 5 of the Dungeon
  4035 | D:5      | Reached skill level 5 in Transmutations
  4035 | D:5      | Your scales start taking on a fiery red colour.
  4035 | D:5      | Reached XP level 7. HP: 33/52 MP: 7/12
  4035 | D:5      | Gained mutation: Your flesh is heat resistant. (rF+) [Red
                  | Draconian growth]
  4113 | D:5      | Found a runed translucent gate.
  4113 | D:5      | Found a runed translucent gate.
  4113 | D:5      | Found a runed translucent gate.
  5134 | D:5      | Learned a level 5 spell: Blade Hands
  5189 | D:5      | Noticed Duelies's ghost (novice DsTm)
  5203 | D:6      | Found Wypamea's General Store.
  5274 | D:6      | Reached XP level 8. HP: 56/59 MP: 11/14
  5278 | D:6      | Found Pocereokk's Jewellery Boutique.
  5419 | D:6      | Found Xeokkug's Armour Boutique.
  5486 | D:6      | Found a bloodstained altar of Trog.
  5486 | D:6      | Found a shattered altar of Ashenzari.
  5499 | D:6      | Found a burning altar of Makhleb.
  5519 | D:6      | Found Gaf Eluk's Food Shop.
  5921 | D:7      | Noticed Menkaure
  5932 | D:7      | Killed Menkaure
  6149 | D:7      | Reached skill level 5 in Spellcasting
  6303 | D:7      | Found an ornate altar of the Wu Jian Council.
  6322 | D:7      | Became a worshipper of the Wu Jian Council
  6498 | D:7      | Found a staircase to the Ecumenical Temple.
  6588 | D:8      | Reached XP level 9. HP: 42/64 MP: 13/16
  6925 | D:8      | Noticed Grum
  7411 | D:8      | Killed Grum
  7896 | D:9      | Reached * piety under Wu Jian
  7991 | D:9      | Found an opulent altar of Gozag.
  8084 | D:9      | Reached XP level 10. HP: 68/73 MP: 14/19
  8286 | D:9      | Found a staircase to the Lair.
  8601 | D:9      | Found a white marble altar of Elyvilon.
  8798 | D:9      | Noticed a deep elf mage
  8810 | D:9      | Killed a deep elf mage
  8810 | D:9      | Reached ** piety under Wu Jian
  8841 | D:9      | Noticed a centaur warrior
  8858 | D:9      | Slain by a centaur warrior

Levels and vault maps discovered:
D:1:      evilmike_arrival_hilbert_curve, layout_basic, chequers_garden
D:2:      layout_basic, overflow_temple_1_default
D:3:      layout_basic, zin_academy, first_ration, portal_sewer_entry_a
D:4:      layout_cave_pods, grunt_dithmenos_smoke, xom_butterflies
D:5:      layout_loops_ring, gammafunk_ghost_icy, kb_lookout_dungeons_type,
          guppyfry_early_lair_pool
D:6:      layout_loops_ring, grunt_temple_overflow_open, serial_shops,
          nicolae_shop_trees, shop, kennysheep_mini, nicolae_shop_stone
D:7:      layout_cave_pools, overflow_temple_1_default, temple_green,
          ebering_dispersal_statue_hall, grunt_ogre_cave, uniq_menkaure
D:8:      layout_basic, uniq_grum
D:9:      minmay_sliced_demisemicircle, layout_irregular_city, elyvilon_altar_4,
          lemuel_doored_altar

Skill      XL: |  1  2  3  4  5  6  7  8  9 10 |
---------------+-------------------------------+-----
Transmutations | 3 4 5 6 7 9 |  9.3
Unarmed Combat | 4 5 6 8 9 |  9.9
Spellcasting   | 3 4 5 6 |  6.3
Dodging        | 2 3 |  3.4
Fighting       | 2 3 |  3.6

Action                   |  1- 3 |  4- 6 |  7- 9 | 10-12 || total
-------------------------+-------+-------+-------+-------++-------
Melee: Unarmed           |   102 |   177 |   260 |    44 ||   583
       Tailslap          |     7 |    15 |     8 |     4 ||    34
       Kick              |     3 |     1 |       |       ||     4
       Headbutt          |     3 |     1 |       |       ||     4
       Punch             |     1 |       |     6 |       ||     7
 Cast: Beastly Appendage |    10 |     2 |       |       ||    12
       Spider Form       |     2 |    14 |    18 |       ||    34
       Blade Hands       |       |       |    17 |     7 ||    24
       Sticks to Snakes  |       |       |     5 |       ||     5
Invok: Lunge             |       |       |    27 |     9 ||    36
       Whirlwind         |       |       |     1 |     1 ||     2
 Abil: Breathe Fire      |       |       |    19 |     3 ||    22
  Use: Scroll            |     4 |     5 |    11 |     2 ||    22
       Potion            |       |       |       |     2 ||     2
 Stab: Sleeping          |     1 |       |       |       ||     1
  Eat: Chunk             |     1 |     7 |    24 |     5 ||    37
       Ration            |       |     1 |     1 |       ||     2
Armor: Skin              |    19 |    31 |    36 |     2 ||    88
Dodge: Dodged            |    67 |   119 |   171 |    31 ||   388

Table legend:
 A = Non-vault XP
 B = Vault XP
 C = Vault XP percentage of total XP
 D = Non-vault monster count
 E = Vault monster count
 F = Vault count percentage of total count
                 A         B        C        D         E       F
            +---------+---------+-------+---------+---------+-------
      Total |    5327 |    2075 |  28.0 |     183 |      27 |  12.9
            +---------+---------+-------+---------+---------+-------
        D:1 |      29 |       0 |   0.0 |      16 |       0 |   0.0
        D:2 |     147 |       0 |   0.0 |      31 |       0 |   0.0
        D:3 |      75 |      47 |  38.5 |      17 |       7 |  29.2
        D:4 |     152 |       0 |   0.0 |       6 |       0 |   0.0
        D:5 |     661 |     110 |  14.3 |      24 |       1 |   4.0
        D:6 |     635 |       0 |   0.0 |      24 |       0 |   0.0
        D:7 |     477 |     287 |  37.6 |      10 |       2 |  16.7
        D:8 |    1531 |     539 |  26.0 |      23 |       4 |  14.8
        D:9 |    1620 |     986 |  37.8 |      32 |       4 |  11.1
      Sewer |       0 |     106 | 100.0 |       0 |       9 | 100.0
            +---------+---------+-------+---------+---------+-------
